Map: Forgotten Sanctuary

Players

kuromago - Winner!

  • Race: Terran Terran
  • League: Gold
  • Spawn Location: 9:00

CaptainAqua - Winner!

  • Race: Protoss Protoss
  • Spawn Location: 12:00

Thor - Winner!

  • Race: Zerg Zerg
  • League: Diamond
  • Spawn Location: 9:00

Sokrates - Winner!

  • Race: Protoss Protoss
  • Spawn Location: 12:00

Maelthor

  • Race: Terran Terran
  • Spawn Location: 6:00

Erfeyah

  • Race: Protoss Protoss
  • Spawn Location: 6:00

Iluvatar

  • Race: Terran Terran
  • Spawn Location: 3:00

athabstract

  • Race: Protoss Protoss
  • Spawn Location: 3:00

VOD

Have the link to the VOD?

Description

Time

  • Played on: Nov. 19, 2017, 3:58 p.m.
  • Length: 11:55
Show
View Real Time Build Order
Export as new Build Order

kuromago Terran - Winner!

Build Orders: Mech 

Get SALT Encoding   

  12  0:05  SCV  
  13  0:26  SCV  
  14  0:30  Supply Depot  
  14  0:43  SCV  
  15  1:02  Barracks  
  15  1:15  SCV  
  16  1:25  Command Center  
  16  1:40  Refinery  
  16  1:42  SCV  
  16  1:44  Refinery  
  17  1:49  Engineering Bay  
  17  1:53  Marine  
  18  1:54  SCV  
  19  2:07  Orbital Command  
  19  2:22  Bunker  
  19  2:35  SCV  
  20  2:39  Factory  
  20  2:40  SCV  
  21  2:50  Marine  
  22  2:57  Planetary Fortress  
  22  2:59  SCV  
  23  3:07  Missile Turret  
  23  3:17  Missile Turret  
  23  3:20  Hi-Sec Auto Tracking  
  23  3:24  Factory Tech Lab  
  23  3:27  SCV  
  24  3:42  Starport  
  24  3:48  Refinery  
  24  3:50  SCV x2  
  24  3:51  Refinery  
  26  4:03  SCV x2  
  26  4:08  Missile Turret  
  28  4:14  Siege Tank  
  30  4:38  Factory  
  30  4:43  Starport Tech Lab  
  30  4:46  Siege Tank  
  33  5:03  Marine  
  33  5:04  Factory  
  33  5:05  Armory  
  34  5:08  Building Armor  
  34  5:10  SCV  
  35  5:24  SCV  
  36  5:36  SCV  
  37  5:48  SCV  
  38  5:58  Siege Tank  
  25  6:20  SCV x2  
  25  6:23  Banshee  
  25  6:25  Cloaking Field  
  30  6:32  SCV x2  
  31  6:39  Factory Tech Lab  
  32  6:42  Factory Tech Lab  
  32  6:44  SCV  
  33  7:06  Banshee  
  36  7:34  Supply Depot  
  36  7:42  Supply Depot  
  36  7:44  Supply Depot  
  36  7:46  Terran Vehicle Weapons Level 1  
  36  7:55  Siege Tank x2  
  36  7:56  Siege Tank  
  36  7:58  Banshee  
  45  8:28  Siege Tank  
  44  8:47  Siege Tank x2  
  43  9:00  Siege Tank  
  46  9:19  Siege Tank  
  46  9:20  Siege Tank  
  46  9:32  Siege Tank  
  49  9:52  Siege Tank x2  
  55  10:04  Siege Tank  
  55  10:24  Siege Tank  
  58  10:35  Siege Tank  
  61  11:01  Supply Depot  
  61  11:04  Supply Depot  
  61  11:17  Siege Tank  
  61  11:24  Supply Depot  
  61  11:28  Supply Depot  
  61  11:31  Command Center  
  61  11:37  Command Center  
Show
View Real Time Build Order
Export as new Build Order

CaptainAqua Protoss - Winner!

Build Orders:  

Get SALT Encoding   

  12  0:01  Probe (Chrono Boost)  
  13  0:16  Pylon  
  13  0:18  Probe  
  14  0:37  Probe  
  15  0:49  Probe  
  16  1:02  Probe  
  17  1:14  Probe (Chrono Boost)  
  17  1:15  Nexus  
  18  1:24  Probe (Chrono Boost)  
  19  1:27  Gateway  
  19  1:33  Pylon  
  19  1:37  Probe  
  20  1:47  Assimilator  
  20  1:49  Probe  
  21  1:56  Forge  
  21  2:01  Probe  
  22  2:13  Probe (Chrono Boost)  
  23  2:23  Zealot  
  23  2:25  Probe (Chrono Boost)  
  27  2:31  Probe (Chrono Boost)  
  27  2:34  Cybernetics Core  
  27  2:37  Probe  
  27  2:39  Probe (Chrono Boost)  
  29  2:49  Pylon  
  30  2:51  Probe (Chrono Boost)  
  31  2:58  Gateway  
  31  2:59  Probe (Chrono Boost)  
  31  3:01  Probe  
  31  3:04  Probe  
  33  3:16  Probe (Chrono Boost)  
  33  3:18  Probe (Chrono Boost), Protoss Ground Weapons Level 1  
  35  3:27  Assimilator  
  37  3:29  Probe (Chrono Boost)  
  37  3:31  Probe x2 (Chrono Boost)  
  37  3:33  Assimilator  
  38  3:37  Assimilator  
  38  3:38  Probe  
  38  3:40  Pylon  
  39  3:43  Probe, Pylon  
  39  3:45  Warp Gate (Chrono Boost)  
  40  3:55  Gateway  
  40  3:58  Gateway  
  40  4:03  Stalker  
  40  4:04  Stalker  
  40  4:06  Probe x2  
  46  4:18  Probe  
  47  4:26  Probe  
  47  4:30  Probe  
  49  4:36  Nexus  
  49  4:38  Probe  
  50  4:40  Assimilator  
  50  4:42  Probe, Assimilator  
  51  4:46  Pylon  
  51  4:50  Probe  
  51  4:51  Stalker  
  54  4:53  Zealot  
  54  4:54  Probe  
  57  5:03  Protoss Ground Armor Level 1 (Chrono Boost)  
  57  5:04  Probe  
  57  5:06  Probe  
  59  5:19  Twilight Council  
  59  5:23  Forge  
  59  5:47  Gateway  
  59  5:50  Gateway  
  59  5:53  Gateway x2  
  59  5:56  Robotics Facility  
  59  5:58  Gateway  
  53  6:24  Zealot x3  
  53  6:25  Zealot  
  61  6:37  Pylon  
  61  6:39  Pylon  
  61  6:42  Pylon  
  61  6:47  Dark Shrine  
  61  6:48  Protoss Ground Weapons Level 2 (Chrono Boost), Pylon  
  61  6:52  Pylon  
  61  6:55  Probe  
  61  6:56  Probe x2  
  61  6:58  Protoss Shields Level 1 (Chrono Boost)  
  64  7:08  Probe x3  
  67  7:14  Observer  
  68  7:16  Zealot x4  
  68  7:18  Zealot  
  68  7:20  Probe x2  
  80  7:28  Probe  
  81  7:32  Probe x2  
  81  7:35  Observer  
  84  7:40  Probe  
  86  7:44  Probe x2  
  87  7:52  Probe  
  87  7:56  Probe, Observer  
  88  8:01  Nexus  
  88  8:05  Assimilator  
  88  8:06  Dark Templar x2  
  88  8:07  Dark Templar x6  
  88  8:08  Dark Templar  
  88  8:09  Assimilator  
  88  8:11  Pylon  
  106  8:14  Pylon  
  106  8:19  Pylon  
  106  8:37  Pylon  
  106  8:41  Protoss Ground Armor Level 2 (Chrono Boost)  
  106  8:47  Dark Templar  
  106  8:48  Dark Templar x5  
  110  8:49  Dark Templar x3  
  118  9:20  Gateway  
  118  9:29  Zealot  
  118  9:30  Zealot x6  
  118  9:31  Zealot x2  
  69  10:29  Dark Templar x2  
  69  10:30  Dark Templar x6  
  69  10:34  Dark Templar  
  87  10:45  Probe  
  87  10:46  Probe x3  
  91  10:58  Probe x2  
  93  11:12  Zealot  
  93  11:13  Zealot x5  
  93  11:14  Zealot x4  
  113  11:41  Dark Templar x3  
  113  11:42  Dark Templar x6  
Show
View Real Time Build Order
Export as new Build Order

Thor Zerg - Winner!

Build Orders: Pool First 

Get SALT Encoding   

  12  0:04  Drone  
  13  0:09  Drone  
  14  0:19  Overlord  
  14  0:23  Extractor  
  14  0:24  Drone  
  14  0:29  Extractor  
  14  0:30  Drone  
  15  0:42  Drone  
  16  0:50  Spawning Pool  
  16  0:54  Drone  
  16  1:06  Drone  
  17  1:27  Hatchery  
  16  1:41  Lair  
  16  1:43  Drone  
  16  1:45  Drone  
  18  1:49  Drone  
  19  1:54  Extractor  
  19  1:57  Drone  
  19  2:03  Metabolic Boost  
  19  2:23  Drone x2  
  21  2:32  Spore Crawler  
  20  2:40  Infestation Pit  
  19  2:45  Drone x2  
  21  2:51  Drone  
  21  2:52  Drone x2  
  21  2:56  Queen  
  26  3:04  Overlord  
  26  3:17  Spore Crawler  
  26  3:20  Drone x2  
  27  3:30  Swarm Host  
  36  3:43  Burrow  
  36  3:46  Overlord  
  36  3:58  Hydralisk Den  
  35  4:12  Overlord  
  35  4:14  Drone  
  35  4:15  Drone x5  
  41  4:30  Overlord  
  50  4:42  Extractor  
  50  4:45  Extractor  
  48  4:56  Drone x4  
  48  4:58  Overlord  
  52  5:01  Queen  
  66  5:51  Overlord x2  
  66  5:59  Zergling x4  
  67  6:38  Swarm Host  
  84  7:00  Hatchery  
  83  7:05  Overlord  
  83  7:06  Overlord  
  83  7:49  Hydralisk x6  
  83  7:50  Hydralisk x2  
  96  8:41  Hydralisk x2  
  96  8:42  Hydralisk x3  
  103  9:00  Hydralisk  
  105  9:03  Overlord x2  
  105  9:20  Overlord x2  
  105  9:36  Drone x4  
  105  9:37  Drone x4  
  113  9:41  Hive  
  113  9:43  Muscular Augments  
  113  10:09  Hydralisk x2  
  113  10:10  Hydralisk x8  
  130  10:50  Hydralisk x5  
  112  11:12  Hydralisk  
  112  11:13  Hydralisk x6  
  112  11:14  Hydralisk x2  
Show
View Real Time Build Order
Export as new Build Order

Sokrates Protoss - Winner!

Build Orders: Nexus First 

Get SALT Encoding   

  12  0:02  Probe  
  13  0:18  Probe  
  14  0:30  Probe  
  15  0:50  Nexus  
  15  0:57  Pylon  
  15  1:15  Probe (Chrono Boost)  
  16  1:25  Pylon  
  16  1:27  Probe (Chrono Boost), Assimilator  
  17  1:37  Probe (Chrono Boost)  
  18  1:41  Probe  
  18  1:45  Gateway  
  19  1:53  Probe  
  20  2:02  Probe (Chrono Boost)  
  22  2:14  Probe (Chrono Boost)  
  23  2:15  Probe (Chrono Boost)  
  23  2:16  Probe (Chrono Boost), Assimilator  
  23  2:18  Probe  
  25  2:28  Probe  
  26  2:39  Nexus  
  26  2:41  Probe (Chrono Boost)  
  29  2:53  Probe (Chrono Boost)  
  29  2:54  Probe (Chrono Boost)  
  29  2:57  Probe x2 (Chrono Boost)  
  31  3:08  Cybernetics Core  
  31  3:10  Assimilator  
  31  3:20  Probe (Chrono Boost)  
  31  3:24  Pylon  
  33  3:29  Probe (Chrono Boost)  
  33  3:32  Pylon  
  34  3:36  Probe (Chrono Boost)  
  34  3:38  Probe (Chrono Boost)  
  37  3:48  Probe x2 (Chrono Boost)  
  37  3:51  Probe  
  37  3:54  Pylon  
  38  3:56  Probe  
  39  4:05  Stargate  
  39  4:08  Stargate  
  39  4:16  Forge  
  39  4:17  Probe x3  
  41  4:19  Assimilator  
  42  4:29  Probe x3  
  45  4:32  Assimilator  
  45  4:41  Probe x3  
  48  4:53  Probe x3  
  51  5:05  Probe x3  
  51  5:06  Photon Cannon  
  54  5:11  Photon Cannon  
  54  5:12  Void Ray x2  
  62  5:17  Photon Cannon, Probe  
  63  5:23  Stargate  
  63  5:26  Pylon  
  63  5:29  Pylon  
  63  5:32  Protoss Air Weapons Level 1 (Chrono Boost)  
  63  5:38  Protoss Shields Level 1 (Chrono Boost)  
  63  5:44  Probe x3  
  66  5:51  Assimilator  
  66  5:55  Void Ray  
  66  5:56  Probe  
  71  6:04  Void Ray  
  71  6:10  Void Ray  
  79  6:37  Void Ray  
  83  6:47  Void Ray  
  83  6:53  Void Ray  
  91  7:01  Fleet Beacon  
  91  7:20  Void Ray  
  95  7:30  Void Ray  
  99  7:41  Stargate  
  99  7:47  Void Ray  
  87  8:03  Void Ray  
  79  8:19  Void Ray  
  75  9:06  Void Ray x3  
  87  9:37  Nexus  
  87  9:39  Assimilator  
  87  9:42  Assimilator  
  87  9:46  Pylon  
  87  9:49  Void Ray x3  
  87  9:50  Pylon  
  87  9:52  Pylon  
  99  10:10  Pylon  
  98  10:32  Void Ray x3  
Show
View Real Time Build Order
Export as new Build Order

Maelthor Terran 

Build Orders: MMM Bio 

Get SALT Encoding   

  12  0:01  SCV  
  13  0:13  SCV  
  14  0:22  Supply Depot  
  14  0:25  SCV  
  15  0:43  SCV  
  15  0:45  Barracks  
  16  0:55  SCV  
  17  1:08  SCV  
  18  1:18  Command Center  
  18  1:22  SCV  
  19  1:34  Barracks  
  19  1:36  Marine  
  20  1:47  Orbital Command  
  20  1:57  Supply Depot  
  20  2:08  Marine  
  20  2:13  SCV  
  20  2:14  Refinery x2  
  22  2:25  SCV  
  24  2:40  SCV  
  24  2:41  Engineering Bay  
  24  2:42  Orbital Command  
  24  2:44  Marine x2  
  26  2:52  SCV  
  27  3:02  Marine x2  
  27  3:05  SCV  
  30  3:09  Factory  
  30  3:13  SCV  
  30  3:17  SCV  
  32  3:22  Missile Turret  
  32  3:25  SCV  
  32  3:26  Marine x2  
  35  3:29  SCV  
  36  3:38  Missile Turret  
  36  3:40  SCV  
  36  3:41  SCV  
  38  3:47  Supply Depot  
  38  3:52  SCV  
  39  3:57  Supply Depot  
  39  3:58  SCV  
  40  4:03  Factory Tech Lab  
  40  4:04  SCV  
  41  4:10  SCV, Marine x2  
  41  4:16  SCV  
  45  4:22  SCV, Siege Tank  
  49  4:28  SCV  
  50  4:34  Supply Depot  
  50  4:35  SCV  
  50  4:36  Supply Depot  
  51  4:41  SCV  
  51  4:42  Barracks Tech Lab  
  52  4:46  Barracks Tech Lab  
  52  4:47  SCV  
  53  4:53  SCV  
  53  4:59  SCV  
  55  5:03  Marauder  
  55  5:05  SCV, Combat Shields  
  58  5:15  Command Center  
  57  5:22  SCV x2  
  57  5:26  Siege Tank  
  59  5:42  Marine  
  59  5:43  Marauder  
  61  5:55  Barracks  
  61  5:56  Barracks  
  61  5:57  Barracks  
  61  5:58  Barracks  
  61  6:00  Marine  
  57  6:04  Marine  
  56  6:19  Marauder  
  56  6:22  Marine  
  55  6:31  Orbital Command  
  55  6:32  SCV x2  
  57  6:35  Stimpack  
  57  6:39  Marine  
  57  6:40  Marauder  
  57  6:42  Starport, Terran Infantry Weapons Level 1  
  57  6:45  Barracks Tech Lab x2, Barracks Reactor x2  
  57  6:46  Engineering Bay  
  60  6:50  Supply Depot  
  60  6:57  Marine  
  60  7:01  Marine  
  61  7:07  Marauder  
  61  7:08  Marauder  
  60  7:09  SCV  
  60  7:10  SCV x2  
  60  7:15  Marine  
  63  7:19  Marine  
  63  7:22  SCV  
  66  7:23  Marine x3  
  66  7:28  Marine  
  66  7:29  Marine  
  71  7:30  Siege Tank  
  71  7:31  Starport Reactor  
  71  7:32  Marine  
  71  7:33  Marine  
  71  7:36  Marine  
  75  7:40  Marine  
  75  7:41  Marine, Command Center  
  74  7:44  Marine  
  74  7:46  Marine x2  
  74  7:49  Marine  
  74  7:51  Marauder  
  74  7:55  Marauder  
  75  7:58  Marine x2  
  75  8:02  Marine  
  75  8:04  Marauder  
  75  8:05  Marauder  
  81  8:06  Barracks x2  
  81  8:07  Marine, Barracks  
  78  8:13  Marauder  
  78  8:16  Marine x2, Marauder  
  82  8:21  Marine  
  82  8:25  Marine  
  82  8:26  Marauder  
  86  8:30  Marine  
  86  8:34  Marine x3  
  80  8:38  Marauder  
  80  8:39  Marine  
  83  8:43  Marine  
  83  8:44  Siege Tank  
  83  8:47  Marauder  
  85  8:50  Marauder  
  85  8:51  Marine  
  85  8:52  Marine  
  79  8:59  Medivac  
  79  9:00  Medivac  
  79  9:02  Marine x3, Marauder  
  79  9:09  Marine x2, Marauder  
  82  9:11  Planetary Fortress  
  82  9:12  Missile Turret  
  82  9:15  Refinery x2  
  80  9:24  Marine x4, Marauder  
  86  9:39  SCV  
  86  9:40  SCV  
  88  9:46  Marine x2  
  88  9:47  Marine x5, Marauder, Missile Turret  
  88  9:48  Medivac x2  
  101  9:53  Command Center  
  88  10:04  Marine x2  
  88  10:06  Marauder  
  67  10:08  Marine x3  
  67  10:09  Marine, Marauder  
  71  10:15  Siege Tank  
  69  10:22  Marine x2  
  69  10:26  Marine x2  
  61  10:29  Marine  
  61  10:30  Marine, Marauder  
  66  10:40  Marine x2  
  68  10:44  Marine x2  
  68  10:47  Marine  
  75  10:50  Marine  
  74  10:58  Marine x2  
  74  11:01  Marine x3  
  74  11:02  Marine x2  
  68  11:05  Marauder  
  68  11:09  Marauder  
  57  11:16  Marine x2  
  52  11:19  Marine  
  52  11:20  Marine  
  55  11:27  Marauder  
  55  11:28  Armory  
  55  11:29  Orbital Command  
Show
View Real Time Build Order
Export as new Build Order

Erfeyah Protoss 

Build Orders:  

Get SALT Encoding   

  12  0:14  Probe  
  13  0:21  Pylon  
  13  0:26  Probe (Chrono Boost)  
  14  0:44  Assimilator  
  14  0:58  Gateway  
  14  0:59  Probe  
  14  1:00  Gateway  
  15  1:11  Probe  
  15  1:13  Pylon  
  16  2:01  Cybernetics Core  
  16  2:04  Probe  
  17  2:31  Gateway  
  17  2:34  Gateway  
  17  2:36  Assimilator  
  17  2:38  Warp Gate (Chrono Boost)  
  17  3:06  Stalker  
  17  3:08  Stalker  
  21  3:19  Probe  
  22  3:36  Stalker  
  24  3:49  Nexus  
  24  4:16  Stalker x2  
  28  4:17  Stalker  
  30  4:38  Pylon  
  30  4:43  Pylon  
  30  4:46  Pylon  
  30  4:49  Pylon  
  30  4:56  Stalker  
  26  6:24  Stalker x3  
  26  6:25  Stalker  
  34  6:54  Stalker x3  
  40  7:28  Pylon  
  40  7:30  Pylon  
  40  7:33  Pylon, Stalker x4  
  46  8:02  Stalker  
  46  8:03  Stalker x3  
  46  8:32  Stalker  
  46  8:33  Stalker  
  18  9:34  Probe  
  18  9:38  Probe  
  20  9:46  Probe  
  20  9:50  Probe  
  22  9:58  Probe  
  23  10:02  Probe  
  24  10:10  Probe  
  25  10:14  Probe  
  26  10:22  Probe  
  26  10:26  Probe  
  26  10:38  Probe  
  11  10:57  Stalker x2  
  11  10:58  Stalker  
Show
View Real Time Build Order
Export as new Build Order

Iluvatar Terran 

Build Orders:  

Get SALT Encoding   

  12  0:01  SCV  
  13  0:13  SCV  
  14  0:20  Supply Depot  
  14  0:25  SCV  
  15  0:41  SCV  
  16  0:44  Barracks  
  16  0:53  SCV  
  17  1:05  SCV  
  17  1:06  Barracks  
  18  1:17  SCV  
  19  1:20  Barracks  
  19  1:30  SCV  
  20  1:38  Refinery  
  20  1:42  SCV, Marine, Refinery  
  22  1:50  Supply Depot  
  22  1:54  Marine  
  23  2:10  Barracks Tech Lab  
  23  2:11  SCV  
  24  2:19  Marine  
  24  2:20  Supply Depot  
  25  2:30  SCV, Marine  
  25  2:31  Marine  
  25  2:36  Stimpack  
  28  2:37  Marine  
  29  3:00  Marine x3  
  29  3:03  SCV  
  33  3:17  Factory  
  33  3:18  Marine  
  34  3:21  Engineering Bay  
  34  3:22  Orbital Command  
  34  3:25  Barracks Reactor  
  34  3:31  Marine  
  35  3:36  Marine  
  36  3:47  SCV  
  37  3:58  Terran Infantry Weapons Level 1  
  37  3:59  Marine  
  38  4:03  Marine  
  38  4:09  Supply Depot  
  39  4:10  Supply Depot  
  39  4:17  Factory Tech Lab  
  39  4:22  Armory  
  39  4:31  SCV, Marine  
  41  4:34  Marine x2  
  41  4:35  Marine  
  44  4:43  SCV  
  45  4:48  Hellion  
  45  4:49  Marine  
  45  4:52  Marine x2  
  49  4:55  SCV  
  51  5:12  Command Center  
  51  5:49  Marine x2  
  52  5:50  Marine  
  34  6:13  Marine  
  34  6:14  Marine x3  
  38  6:25  Thor  
  44  6:31  Marine x2  
  44  6:32  Marine x2  
  47  6:49  SCV x2, Marine x4  
  52  7:01  SCV x2  
  52  7:07  Marine x4  
  57  7:13  SCV x2  
  59  7:25  SCV x2  
  58  7:37  SCV  
  58  7:38  SCV  
  46  8:09  Thor  
  49  8:33  Marine  
  49  8:34  Marine x2  
  52  8:50  Barracks Reactor  
  52  8:51  Marine  
  52  8:52  Thor, Marine x2  
  58  9:09  Marine x2  
  58  9:13  Bunker  
  59  9:17  Bunker  
  59  9:18  Marine  
  59  9:20  SCV x2  
  60  9:27  Marine x2  
  60  9:30  Barracks  
  62  9:31  Barracks  
  62  9:32  SCV  
  62  9:35  SCV, Marine  
  65  9:44  SCV  
  66  9:59  SCV x2  
  60  10:11  SCV x2  
  42  10:19  Marine x3  
  42  10:20  Marine x2  
  47  10:23  SCV  
  47  10:24  Barracks Reactor x2  
  44  10:36  Marine  
  44  10:37  Marine x2  
  44  10:38  Marine x2  
  44  10:39  SCV  
  44  10:40  SCV  
  51  10:51  Refinery  
  51  10:54  Marine  
  52  10:59  Refinery  
  52  11:02  Marine x4  
  52  11:03  Marine x2  
Show
View Real Time Build Order
Export as new Build Order

athabstract Protoss 

Build Orders:  

Get SALT Encoding   

  12  0:01  Probe  
  13  0:15  Pylon  
  13  0:19  Probe (Chrono Boost)  
  15  0:29  Probe (Chrono Boost)  
  15  0:41  Gateway  
  15  0:45  Probe  
  16  0:55  Assimilator  
  16  0:58  Probe (Chrono Boost)  
  17  1:10  Probe (Chrono Boost)  
  18  1:15  Probe (Chrono Boost)  
  19  1:24  Probe  
  20  1:27  Assimilator  
  20  1:33  Zealot  
  20  1:34  Cybernetics Core  
  22  1:48  Probe, Pylon  
  23  2:11  Gateway  
  23  2:12  Warp Gate  
  23  2:22  Robotics Facility  
  23  2:23  Probe (Chrono Boost)  
  24  2:35  Probe (Chrono Boost)  
  25  2:37  Probe  
  26  2:45  Stalker  
  26  2:49  Probe  
  29  3:01  Probe  
  30  3:13  Observer, Pylon  
  30  3:16  Forge  
  31  3:22  Pylon  
  31  3:31  Stalker x2  
  35  3:34  Observer  
  36  3:53  Nexus  
  36  3:56  Assimilator  
  36  4:00  Assimilator  
  36  4:05  Pylon  
  36  4:09  Probe (Chrono Boost)  
  38  4:17  Stalker  
  38  4:20  Probe (Chrono Boost)  
  38  4:23  Probe  
  41  4:35  Probe  
  42  4:43  Pylon  
  42  4:47  Gateway  
  42  4:48  Gateway  
  42  4:53  Twilight Council  
  42  5:15  Probe (Chrono Boost)  
  42  5:20  Stalker  
  45  5:27  Probe (Chrono Boost)  
  46  5:30  Probe  
  47  5:46  Probe x2  
  49  5:58  Probe x2  
  49  6:10  Probe x2  
  48  6:35  Probe x2  
  48  6:39  Stalker x3  
  56  6:40  Stalker  
  58  6:47  Probe  
  58  6:49  Robotics Bay, Blink  
  58  6:51  Protoss Ground Armor Level 1  
  60  6:54  Probe  
  60  6:59  Probe  
  61  7:03  Stalker  
  61  7:04  Stalker x3  
  61  7:06  Probe  
  70  7:21  Gateway  
  70  7:22  Gateway  
  66  7:24  Gateway  
  66  7:28  Robotics Facility  
  53  8:22  Stalker  
  53  8:23  Stalker x4  
  53  8:24  Stalker x2  
  67  8:32  Colossus  
  73  8:36  Extended Thermal Lance  
  73  8:44  Pylon  
  73  8:45  Protoss Ground Weapons Level 1, Pylon  
  73  8:48  Pylon  
  73  8:53  Stalker x2  
  77  9:02  Colossus  
  81  9:03  Nexus, Stalker  
  81  9:04  Stalker  
  81  9:05  Assimilator  
  85  9:10  Assimilator  
  83  9:34  Stalker x2  
  83  9:35  Stalker x4  
  95  9:51  Probe  
  95  9:52  Probe  
  95  10:00  Stalker  
  95  10:03  Probe  
  95  10:04  Probe  
  93  10:16  Probe x2  
  79  10:28  Probe  
  80  10:39  Stalker x3  
  80  10:40  Stalker x4  
  94  10:47  Probe  
  94  10:48  Probe x2  
  97  11:00  Probe x3  
  100  11:04  Stalker  
  100  11:05  Stalker  
  100  11:06  Stalker x3  
  110  11:12  Probe  
Tags
 
Add a new tag
Caveats
  • Supply blocks, unpowered buildings, or Contaminate may cause inaccurate times.
  • Supply counts are checked every 10 seconds.